 Dungeon Crawl Stone Soup version 0.30.0-5-g1a98f26d00 (webtiles) character file.

Game seed: 3727400865018765141

18638 konerai the Carver (level 12, -15/107 HPs)
             Began as a Hill Orc Monk on May 11, 2023.
             Was a High Priest of Trog.
             Demolished by a very large slime creature (42 damage)
             ... on level 13 of the Dungeon.
             The game lasted 00:55:14 (10016 turns).

konerai the Carver (Hill Orc Monk)                 Turns: 10016, Time: 00:55:14

Health: -15/107    AC: 27    Str: 25    XL:     12   Next: 60%
Magic:  12/12      EV:  9    Int: 10    God:    Trog [*****.]
Gold:   1403       SH:  0    Dex: 13    Spells: 11/11 levels left

rFire   . . .        L - +8 triple sword (heavy)
rCold   . . .        (shield currently unavailable)
rNeg    . . .        E - +0 plate armour
rPois   .            i - +2 helmet
rElec   .            (no cloak)
rCorr   .            l - +2 pair of gloves
SInv    .            S - +2 pair of boots
Will    .....        C - amulet of regeneration Stlth
                     B - +6 ring of strength
HPRegen 1.17/turn    z - +4 ring of protection
MPRegen 0.13/turn

%: no passive effects
@: on berserk cooldown, slowed, very slow
A: no striking features
a: Renounce Religion, Berserk, Trog's Hand, Brothers in Arms


You were on level 13 of the Dungeon.
You worshipped Trog.
Trog was extremely pleased with you.
You visited 3 branches of the dungeon, and saw 15 of its levels.

You collected 1403 gold pieces.

Inventory:

Hand Weapons
 w - a +1 hand axe of draining
 F - a +3 hand axe
 L - a +8 heavy triple sword (weapon)
Missiles
 h - 9 poisoned darts (quivered)
 m - 2 throwing nets
Armour
 d - an orb of light
 f - a +2 animal skin
 i - a +2 helmet (worn)
 l - a +2 pair of gloves (worn)
 o - the +3 leather armour of Oczo Mih {rElec rF+ Stlth+}
   (You found it on level 2 of the Dungeon)

   rF:        It protects you from fire.
   rElec:     It insulates you from electricity.
   Stlth:     It makes you more stealthy.
 E - a +0 plate armour (worn)
 R - +0 fire dragon scales
 S - a +2 pair of boots (worn)
 T - the +2 pair of gloves of the Hills {*Corrode rElec rPois Int+3}
   (You found it on level 11 of the Dungeon)

   Int:       It affects your intelligence (+3).
   rElec:     It insulates you from electricity.
   rPois:     It protects you from poison.
   *Corrode:  It may corrode you when you take damage.
Jewellery
 g - a ring of resist corrosion
 n - a ring of resist corrosion
 p - a ring of protection from fire
 z - a +4 ring of protection (right hand)
 B - a +6 ring of strength (left hand)
 C - an amulet of regeneration (around neck)
 G - an amulet of the acrobat
 I - a ring of poison resistance
 U - a ring of poison resistance
Wands
 v - a wand of flame (35)
 y - a wand of iceblast (26)
 J - a wand of mindburst (18)
 K - a wand of light (16)
 M - a wand of charming (7)
Scrolls
 a - a scroll of torment
 b - 12 scrolls of teleportation
 k - a scroll of poison
 s - 2 scrolls of vulnerability
 u - 4 scrolls of fog
 D - a scroll of fear
 O - a scroll of blinking
 V - a scroll of magic mapping {unknown}
 W - a scroll of silence {unknown}
Potions
 c - 2 potions of ambrosia
 e - 5 potions of might
 j - 2 potions of curing
 q - 2 potions of magic
 r - 2 potions of resistance
 t - 4 potions of brilliance
 x - 3 potions of haste
 A - 3 potions of mutation {unknown}
 H - a potion of lignification
 N - a potion of flight
 P - 2 potions of degeneration
 Q - 2 potions of attraction {unknown}


   Skills:
 + Level 10.5 Fighting
 * Level 13.0 Long Blades
 + Level 12.2 Axes
 + Level 4.8 Throwing
 + Level 7.2 Armour
 + Level 6.0 Dodging
 + Level 2.5 Stealth
 + Level 2.0 Evocations


You had 11 spell levels left.
You didn't know any spells.
Your spell library was empty.

Dungeon Overview and Level Annotations

Branches:
Dungeon (13/15)            Temple (0/1) D:4            Lair (1/5) D:8
    Orc (1/2) D:12
 Vaults: D:13-14

Altars:
Elyvilon
Gozag
Hepliaklqana
Makhleb
Ru
Trog
Uskayaw
Xom
Zin
The Shining One

Shops:
D:4 *   D:10 [

Annotations:
D:5 3 runed translucent doors, AarnesTheHuman's ghost, amateur HOFi
D:9 2 transporters


Message History

You cut the centaur warrior into ribbons!!!
You kill the centaur warrior!
Trog accepts your kill.
The large slime creature completely misses you.
Your Long Blades skill increases to level 13!
You completely miss the large slime creature.
The slime creature hits you!
The large slime creature closely misses you.
The slime creature hits you but does no damage.
The large slime creature hits you! The slime creature barely misses you.
The large slime creature hits you!!
You barely miss the large slime creature.
The slime creature hits you but does no damage.
The large slime creature hits you. The slime creature barely misses you.
The large slime creature hits you!!
* * * LOW HITPOINT WARNING * * *
You barely miss the large slime creature.
The slime creature hits you but does no damage.
The large slime creature hits you but does no damage. x2
The slime creature closely misses you.
The large slime creature closely misses you.
The slime creature hits you but does no damage.
The slime creature attacks as you move away!
The slime creature closely misses you.
The large slime creature attacks as you move away!
The large slime creature hits you but does no damage.
A large slime creature splits.
You slice the slime creature!!
The slime creature is moderately wounded.
The slime creature hits you!
* * * LOW HITPOINT WARNING * * *
Two slime creatures merge to form a large slime creature.
Two slime creatures merge to form a very large slime creature.
You slice the very large slime creature!!
The very large slime creature is moderately wounded.
You slice the very large slime creature like a ripe choko!!!
The very large slime creature is heavily wounded.
You hear a shout!
The very large slime creature hits you!!!
You die...

############# #...........#
#.#########.# #.#)..# #.#
#.....# #.#
###########.#######.#
#.............).....###
######.##########...........
............@J..>########.###
..############)...... #.#<#
.#.#### #.#.# .# # #)#.# .#
#.#.# .# #.#.# .. #.#.# !#
#.#.# #.#.#


You could see a very large slime creature.

Vanquished Creatures
  Gastronok (Orc:1)
  A centaur warrior (D:13)
  2 boulder beetles
  A death yak (D:8)
  4 cyclopes
  Joseph (Lair:1)
  2 cane toads (Lair:1)
  Psyche (D:8)
  Maggie (D:9)
  A gargoyle (D:12)
  A rime drake (Lair:1)
  2 kobold demonologists
  4 komodo dragons
  3 trolls
  A wyvern (D:10)
  2 shadows
  3 wraiths
  2 basilisks
  3 vampire mosquitoes (D:12)
  16 yaks
  3 steam dragons
  Edmund (D:6)
  3 water moccasins
  An ice beast (D:8)
  3 orc warriors
  2 sky beasts
  4 black bears
  2 ogres
  14 centaurs
  3 wolves (Lair:1)
  2 kobold brigands
  6 bullfrogs
  A gnoll sergeant (D:8)
  2 scorpions
  9 wights
  6 killer bees
  6 electric eels (D:9)
  5 howler monkeys (D:8)
  6 orc priests
  A gnoll bouda (D:6)
  A hound (D:6)
  Crazy Yiuf (D:7)
  A sleepcap (D:7)
  An iguana (D:6)
  Ijyb (D:4)
  An orc wizard (D:7)
  Robin (D:2)
  6 adders
  15 gnolls
  A shadow imp (D:6)
  2 white imps
  3 ufetubi
  2 worms
  3 dart slugs (D:3)
  40 orcs
  5 ball pythons
  11 endoplasms
  2 giant cockroaches
  15 hobgoblins
  5 quokkas
  2 bats
  8 goblins
  3 kobolds
  3 rats (D:2)
265 creatures vanquished.

Vanquished Creatures (others)
  A quokka (D:9)
1 creature vanquished.

Grand Total: 266 creatures vanquished

Notes
Turn   | Place    | Note
-------+----------+-------------------------------------------
     0 | D:1      | konerai the Hill Orc Monk began the quest for the Orb.
     0 | D:1      | Reached XP level 1. HP: 19/19 MP: 1/1
   177 | D:1      | Found a faded altar of an unknown god.
   202 | D:1      | Prayed at the altar of an unknown god.
   202 | D:1      | Became a worshipper of Trog the Wrathful
   202 | D:1      | Reached * piety under Trog
   202 | D:1      | Reached ** piety under Trog
   374 | D:1      | Reached XP level 2. HP: 27/27 MP: 2/2
   699 | D:2      | Noticed Robin
   704 | D:2      | Reached *** piety under Trog
   713 | D:2      | Killed Robin
   714 | D:2      | Reached XP level 3. HP: 22/33 MP: 3/3
   717 | D:2      | Reached skill level 5 in Axes
   935 | D:2      | Identified the +3 leather armour of Oczo Mih {rElec rF+
                  | Stlth+}
  1027 | D:2      | Reached skill level 1 in Stealth
  1027 | D:2      | Reached XP level 4. HP: 29/40 MP: 4/4
  1581 | D:3      | Reached **** piety under Trog
  1882 | D:4      | Reached XP level 5. HP: 47/47 MP: 5/5
  1997 | D:4      | Noticed Ijyb
  2011 | D:4      | Killed Ijyb
  2039 | D:4      | Reached skill level 1 in Armour
  2071 | D:4      | Reached XP level 6. HP: 53/53 MP: 6/6
  2078 | D:4      | Found a staircase to the Ecumenical Temple.
  2096 | D:4      | Found a hide-covered altar of Uskayaw.
  2522 | D:4      | Found Kioj's Assorted Antiques.
  2525 | D:4      | Noticed a black bear
  2530 | D:4      | Killed a black bear
  2543 | D:4      | Reached XP level 7. HP: 60/60 MP: 7/7
  2544 | D:4      | Reached skill level 5 in Fighting
  2804 | D:5      | Entered Level 5 of the Dungeon
  2822 | D:5      | Reached skill level 1 in Throwing
  2848 | D:5      | Reached ***** piety under Trog
  2925 | D:5      | Found a runed translucent gate.
  3014 | D:5      | Found a runed translucent gate.
  3014 | D:5      | Found a runed translucent gate.
  3016 | D:5      | Found an opulent altar of Gozag.
  3023 | D:5      | Noticed a yak
  3024 | D:5      | Noticed AarnesTheHuman's ghost (amateur HOFi)
  3795 | D:6      | Reached XP level 8. HP: 69/69 MP: 8/8
  3961 | D:6      | Noticed Edmund
  3973 | D:6      | Killed Edmund
  4415 | D:7      | Reached skill level 1 in Evocations
  4455 | D:7      | Reached skill level 10 in Axes
  4455 | D:7      | Reached XP level 9. HP: 66/76 MP: 9/9
  4608 | D:7      | Found a sacrificial altar of Ru.
  4778 | D:7      | Found a runed translucent door.
  4779 | D:7      | Noticed Crazy Yiuf
  4787 | D:7      | Killed Crazy Yiuf
  4826 | D:8      | Noticed Psyche
  4838 | D:8      | Killed Psyche
  4883 | D:8      | Noticed a death yak
  4888 | D:8      | Noticed a death yak
  4896 | D:8      | Noticed a death yak
  4933 | D:8      | Reached skill level 5 in Dodging
  5020 | D:8      | Noticed a kobold demonologist
  5024 | D:8      | Noticed an ice devil
  5032 | D:8      | Killed a kobold demonologist
  5032 | D:8      | Received a gift from Trog
  5059 | D:8      | Reached XP level 10. HP: 88/88 MP: 10/10
  5066 | D:8      | Found a shimmering altar of Xom.
  5100 | D:8      | Reached skill level 1 in Long Blades
  5107 | D:8      | Reached skill level 2 in Long Blades
  5123 | D:7      | Reached skill level 3 in Long Blades
  5332 | D:8      | Found a staircase to the Lair.
  5576 | D:8      | Killed a death yak
  5577 | D:8      | Reached skill level 4 in Long Blades
  5853 | D:8      | Found a glowing golden altar of the Shining One.
  5854 | D:8      | Found a burning altar of Makhleb.
  6053 | Lair:1   | Entered Level 1 of the Lair of Beasts
  6053 | Lair:1   | Noticed Joseph
  6067 | Lair:1   | Killed Joseph
  6068 | Lair:1   | Reached skill level 5 in Long Blades
  6142 | Lair:1   | Noticed a cane toad
  6147 | Lair:1   | Killed a cane toad
  6224 | Lair:1   | Reached skill level 6 in Long Blades
  6349 | Lair:1   | Noticed a cane toad
  6365 | Lair:1   | Killed a cane toad
  6373 | Lair:1   | Reached XP level 11. HP: 34/95 MP: 11/11
  6440 | Lair:1   | Reached skill level 7 in Long Blades
  6440 | Lair:1   | Reached skill level 5 in Armour
  6673 | D:9      | Noticed a deep elf knight
  6673 | D:9      | Found a transporter.
  6709 | D:9      | Found a transporter.
  6738 | D:9      | Noticed an orc high priest
  6856 | D:9      | Reached skill level 8 in Long Blades
  7070 | D:9      | Found a white marble altar of Elyvilon.
  7175 | D:9      | Noticed Maggie
  7183 | D:9      | Killed Maggie
  7457 | D:9      | Reached skill level 9 in Long Blades
  7732 | D:10     | Entered Level 10 of the Dungeon
  7797 | D:10     | Found a bloodstained altar of Trog.
  7800 | D:10     | Found a hazy altar of Hepliaklqana.
  7803 | D:10     | Found a glowing silver altar of Zin.
  7843 | D:10     | Found Ufem's Armour Shoppe.
  8465 | D:11     | Noticed a boulder beetle
  8476 | D:11     | Killed a boulder beetle
  8477 | D:11     | Reached skill level 10 in Fighting
  8477 | D:11     | Reached skill level 10 in Long Blades
  8552 | D:11     | Noticed a cyclops
  8563 | D:11     | Killed a cyclops
  8572 | D:11     | Noticed a cyclops
  8579 | D:11     | Killed a cyclops
  8580 | D:11     | Reached XP level 12. HP: 85/106 MP: 12/12
  8833 | D:11     | Identified the +2 pair of gloves of the Hills {*Corrode
                  | rElec rPois Int+3}
  9266 | D:12     | Found a staircase to the Orcish Mines.
  9313 | Orc:1    | Entered Level 1 of the Orcish Mines
  9315 | Orc:1    | Noticed Gastronok
  9332 | Orc:1    | Killed Gastronok
  9333 | Orc:1    | Reached skill level 11 in Long Blades
  9441 | D:12     | Reached skill level 12 in Long Blades
  9593 | D:12     | Identified a scroll of acquirement
  9593 | D:12     | Acquired 528 gold pieces
  9742 | D:12     | Noticed a boulder beetle
  9753 | D:12     | Killed a boulder beetle
  9815 | D:12     | Found a burning altar of Makhleb.
  9815 | D:12     | Noticed a balrug
  9878 | D:12     | Received a gift from Trog
  9895 | D:12     | Noticed a soul eater
 10002 | D:13     | Noticed a centaur warrior
 10009 | D:13     | Killed a centaur warrior
 10010 | D:13     | Reached skill level 13 in Long Blades
 10016 | D:13     | Demolished by a very large slime creature

Illustrated notes

Levels and vault maps discovered:
D:1:      matt_arrival_refuge, layout_basic,
          chequers_ecumenical_altar_simple_redux
D:2:      layout_rooms, uniq_robin
D:3:      layout_basic
D:4:      layout_basic, amcnicky_altar_gilded, minmay_temple_entry_trees,
          serial_shops, shop, uniq_ijyb
D:5:      layout_cave_pools, ebering_ghost_gozag, dreamdust_wishing_well,
          kennysheep_cross_bottleneck
D:6:      layout_basic, uniq_edmund
D:7:      layout_gridville, hangedman_ru_absence, uniq_crazy_yiuf_cottage
D:8:      nicolae_cairo_tiling, layout_cave_pools,
          chequers_temple_overflow_statue_of_worship, xom_confusion_cloud,
          dpeg_lair_monsters, serial_rivers, chequers_serial_rivers_micro_e,
          chequers_serial_rivers_large_b, chequers_serial_rivers_large_a,
          chequers_serial_rivers_room_b, uniq_psyche
D:9:      gammafunk_wand_slinger, layout_loops_corners, elyvilon_altar_4,
          serial_bayou, serial_bayou_lagoon_b, serial_bayou_lake_a,
          serial_bayou_shore_b, serial_bayou_pond_e, uniq_maggie
D:10:     layout_cave_pools, grunt_temple_overflow_diamond, serial_shops, shop,
          roderic_three_in_a_row, minmay_misc_feat_square
D:11:     layout_basic
D:12:     layout_irregular_city, orc_david_3, makhleb_altar_promises_db
D:13:     layout_basic
Lair:1:   layout_roguey, uniq_joseph
Orc:1:    layout_caves, special_room [special_room_orc], serial_shops, shop,
          uniq_gastronok

Skill      XL: |  1  2  3  4  5  6  7  8  9 10 11 12 |
---------------+-------------------------------------+-----
Fighting       | 4 5 6 7 8 10 | 10.5
Axes           | 5 6 7 8 10 12 | 12.2
Stealth        | 1 2 |  2.5
Armour         | 1 2 3 4 6 7 |  7.2
Dodging        | 3 4 5 6 |  6.0
Throwing       | 1 2 3 4 |  4.8
Evocations     | 1 2 |  2.0
Long Blades    | 6 10 13 | 13.0

Action                     |  1- 3 |  4- 6 |  7- 9 | 10-12 || total
---------------------------+-------+-------+-------+-------++-------
  Melee: Hand axe          |    98 |   180 |   206 |       ||   484
         Triple sword      |       |       |     5 |   387 ||   392
  Throw: Dart              |       |    10 |    25 |    51 ||    86
         Throwing net      |       |       |     5 |       ||     5
 Invoke: Berserk           |       |       |       |     4 ||     4
  Evoke: Wand              |       |       |    14 |     6 ||    20
    Use: Scroll            |     4 |     6 |     8 |    17 ||    35
         Potion            |       |     1 |     1 |     3 ||     5
   Stab: Sleeping          |       |     1 |       |       ||     1
 Armour: Robe              |     6 |       |       |       ||     6
         Animal skin       |     9 |       |       |       ||     9
         Leather armour    |     6 |    57 |   115 |    46 ||   224
         Skin              |       |       |     5 |       ||     5
         Plate armour      |       |       |       |   530 ||   530
  Dodge: Dodged            |    44 |    99 |   151 |   412 ||   706
